 Dungeon Crawl Stone Soup version 0.19.4-8-ga85b6b9 (webtiles) character file.

5710 Kiturien the Cleaver (level 10, 0/86 HPs)
             Began as a Hill Orc Fighter on Feb 12, 2017.
             Was a Priest of Qazlal.
             Slain by a yak (9 damage)
             ... on level 8 of the Dungeon.
             The game lasted 00:27:37 (8820 turns).

Kiturien the Cleaver (Hill Orc Fighter)             Turns: 8820, Time: 00:27:37

Health: 0/86       AC: 17    Str: 28    XL:     10   Next: 76%
Magic:  10/10      EV:  8    Int:  8    God:    Qazlal [***...]
Gold:   557        SH: 20    Dex: 12    Spells: 0 memorised, 9 levels left

rFire  + . .     SeeInvis .     a - +0 war axe
rCold  + + .     Gourm    .     u - +0 chain mail
rNeg   . . .     Faith    .     c - +0 shield
rPois  +         Spirit   .     A - +2 hat
rElec  .         Reflect  +     (no cloak)
rCorr  .         Harm     .     h - +2 pair of gloves
MR     .....                    K - +0 pair of boots
Stlth  ..........               y - +4 amulet of reflection
                                q - ring of protection from cold
                                r - ring of protection from cold

@: mighty
A: fangs 1, agile 1, fire resistance 1, poison resistance, wild magic 1,
evolution 1
a: Upheaval, Elemental Force, Renounce Religion


You were on level 8 of the Dungeon.
You worshipped Qazlal.
Qazlal was most pleased with you.
You were hungry.

You visited 2 branches of the dungeon, and saw 10 of its levels.

You collected 557 gold pieces.

Inventory:

Hand Weapons
 a - a +0 war axe (weapon)
Missiles
 G - a throwing net (quivered)
Armour
 c - a +0 shield (worn)
 h - a +2 pair of gloves (worn)
 u - a +0 chain mail (worn)
 A - a +2 hat (worn)
 K - a +0 pair of boots (worn)
Jewellery
 g - an uncursed ring of flight
 q - a ring of protection from cold (right hand)
 r - a ring of protection from cold (left hand)
 y - a +4 amulet of reflection (around neck)
Wands
 D - a wand of polymorph (10/24)
 F - a wand of enslavement (15/24)
Scrolls
 e - a scroll of magic mapping {unknown}
 i - a scroll of enchant armour
 m - a scroll of immolation {unknown}
 o - 2 scrolls of teleportation
 p - 2 scrolls of remove curse
 v - a scroll of blinking {unknown}
 w - a scroll of noise {unknown}
 x - a scroll of recharging {unknown}
 H - a scroll of enchant weapon {unknown}
Potions
 d - 2 potions of might
 n - a potion of cure mutation
 t - 6 potions of curing
 C - a potion of ambrosia {unknown}
 E - a potion of heal wounds
 I - a potion of invisibility
Books
 b - a book of Maledictions

   Spells                             Type                      Level
   a - Corona                         Hexes                        1
   b - Ensorcelled Hibernation        Hexes/Ice                    2
   c - Confuse                        Hexes                        3
   d - Tukima's Dance                 Hexes                        3
   e - Dazzling Spray                 Conjuration/Hexes            3
 z - a book of Callings

   Spells                             Type                      Level
   a - Summon Small Mammal            Summoning                    1
   b - Call Imp                       Summoning                    2
   c - Call Canine Familiar           Summoning                    3
   d - Summon Guardian Golem          Hexes/Summoning              3
   e - Summon Lightning Spire         Summoning/Air                4
   f - Summon Ice Beast               Ice/Summoning                4
 J - a Young Poisoner's Handbook

   Spells                             Type                      Level
   a - Sting                          Conjuration/Poison           1
   b - Mephitic Cloud                 Conjuration/Poison/Air       3
   c - Olgreb's Toxic Radiance        Poison                       4
   d - Alistair's Intoxication        Transmutation/Poison         5
   e - Venom Bolt                     Conjuration/Poison           5
Comestibles
 f - 5 bread rations
 j - 6 meat rations
 k - 12 fruits
 l - 3 slices of pizza
 s - 3 beef jerkies
 B - 10 royal jellies


   Skills:
 + Level 7.5 Fighting
 + Level 12.8 Axes
 + Level 7.8 Armour
 + Level 2.2 Dodging
 + Level 9.7 Shields


You had 9 spell levels left.
You didn't know any spells.

Dungeon Overview and Level Annotations

Branches:
Dungeon (9/15)             Temple (1/1) D:4
   Lair: D:8-11         Orc: D:9-12

Altars:
Ashenzari
Dithmenos
Elyvilon
Fedhas
Hepliaklqana
Kikubaaqudgha
Makhleb
Nemelex Xobeh
Okawaru
Qazlal
Ru
Trog
Vehumet
Xom
Yredelemnul
Zin
The Shining One

Shops:
D:5 *   D:8 %(


Innate Abilities, Weirdness & Mutations

You have very sharp teeth.
You are agile. (Dex +2)
Your flesh is heat resistant. (rF+)
Your system is resistant to poisons. (rPois)
Your spells are a little harder to cast, but a little more powerful.
You evolve.


Message History

You kill the yak!
Qazlal accepts your kill.
You completely miss the troll. You block the troll's attack.
The troll claws you but does no damage. x2; You block the yak's attack.
The yak completely misses you.
You slice the yak!!
You kill the yak!
Qazlal accepts your kill.
You slash the troll! You closely miss the yak.
The troll bites you but does no damage. You block the troll's attack. x2
You hit the troll.
The troll is almost dead.
You slash the yak! You block the yak's attack. You block the troll's attack.
The troll claws you!
* * * LOW HITPOINT WARNING * * *
You block the troll's attack.
You closely miss the troll. Your bite misses the troll.
The troll is severely wounded.
You slash the yak! The yak gores you!
You die...

#.###.##.#.#..#(########.##
#.# #.##.####............##
#.# #...#..####(###########
#.# #.#.#.[......(..#######
####.###>....)))....##........
#.......#####.)##.............
#.##.##.# ###.(##...####.#####
#.##.##.###...T(...## #.# #
#.##.........@.###<# #.# #
#.#####.###.##Y###.# #.#
#.#####.# #.##.....# #.#
#.......# #.######.# #.#
######### #.# #÷#####.#####
#.# #)).......... #.#
#.####.###### #.######.# #.#
#....∩...# #.#


You could see a yak and a troll.

Vanquished Creatures
  Pikel (D:7)
  The ghost of Kiel97 the Slicer, a novice KoHu (D:4)
  Grinder (D:3)
  A hornet (D:8)
  A hippogriff (D:7)
  7 yaks
  A wyvern (D:8)
  A basilisk (D:9)
  2 soldier ants (D:8)
  5 sky beasts
  A black bear (D:8)
  A phantom (D:4)
  2 centaurs (D:8)
  A crocodile (D:9)
  A big kobold (D:8)
  3 bullfrogs
  A gnoll sergeant (D:8)
  3 scorpions
  A howler monkey (D:8)
  5 crimson imps
  3 orc priests
  7 hounds
  2 jellies (D:5)
  A bullfrog skeleton (D:6)
  An iguana (D:4)
  13 orc wizards
  11 worker ants
  A killer bee zombie (D:5)
  A worker ant zombie (D:6)
  7 gnolls
  2 adders
  A howler monkey skeleton (D:4)
  3 river rats (D:9)
  A shadow imp (D:6)
  An ooze (D:6)
  An adder zombie (D:5)
  An adder skeleton (D:6)
  4 worms
  3 dart slugs
  4 leopard geckos
  36 orcs
  6 bats
  2 giant cockroaches
  6 goblins
  9 hobgoblins
  13 jackals
  A quokka (D:5)
  2 ball pythons
  2 frilled lizards
  11 kobolds
  A leopard gecko zombie (D:6)
  8 rats
205 creatures vanquished.

Vanquished Creatures (others)
  A centaur (D:8)
  An orc (D:8)
  A kobold (D:8)
  A fungus (D:9)
  5 plants (D:9)
9 creatures vanquished.

Grand Total: 214 creatures vanquished

Notes
Turn   | Place    | Note
-------+----------+-------------------------------------------
     0 | D:1      | Kiturien the Hill Orc Fighter began the quest for the Orb.
     0 | D:1      | Reached XP level 1. HP: 19/19 MP: 1/1
    40 | D:1      | Reached XP level 2. HP: 25/27 MP: 2/2
   121 | D:1      | Reached skill level 3 in Axes
   417 | D:1      | Reached XP level 3. HP: 32/33 MP: 3/3
   751 | D:2      | Found a burning altar of Makhleb.
  1424 | D:2      | Found a radiant altar of Vehumet.
  1533 | D:3      | Reached XP level 4. HP: 40/40 MP: 4/4
  1549 | D:3      | Reached skill level 4 in Axes
  1993 | D:3      | Noticed Grinder
  1997 | D:3      | Paralysed by Grinder for 4 turns
  2004 | D:3      | Paralysed by Grinder for 2 turns
  2206 | D:4      | Noticed a phantom
  2245 | D:4      | Killed a phantom
  2245 | D:4      | Reached skill level 5 in Axes
  2245 | D:4      | Reached XP level 5. HP: 36/46 MP: 5/5
  2654 | D:4      | Reached XP level 6. HP: 52/53 MP: 6/6
  2749 | D:4      | Found a staircase to the Ecumenical Temple.
  2764 | Temple   | Entered the Ecumenical Temple
  2782 | Temple   | Became a worshipper of Qazlal Stormbringer
  3141 | D:4      | Noticed Kiel97's ghost (novice KoHu)
  3154 | D:4      | Reached skill level 6 in Axes
  3171 | D:4      | Killed Kiel97's ghost
  3171 | D:4      | Reached skill level 5 in Fighting
  3171 | D:4      | Reached skill level 5 in Armour
  3171 | D:4      | Reached XP level 7. HP: 21/61 MP: 7/7
  3400 | D:4      | Reached skill level 7 in Axes
  3491 | D:4      | Found an ancient bone altar of Kikubaaqudgha.
  3809 | D:5      | Entered Level 5 of the Dungeon
  3816 | D:5      | Reached skill level 5 in Shields
  4248 | D:5      | Reached XP level 8. HP: 59/68 MP: 8/8
  4277 | D:4      | HP: 1/68 [something (5)]
  4288 | D:4      | Reached skill level 1 in Dodging
  4664 | D:5      | Reached skill level 8 in Axes
  4773 | D:5      | Found Ogeut's Assorted Antiques.
  4794 | D:5      | Reached * piety under Qazlal
  5025 | D:5      | Found a shattered altar of Ashenzari.
  5099 | D:5      | Gained mutation: Your spells are a little harder to cast, but a little more powerful. [mutagenic meat]
  5100 | D:5      | Gained mutation: You are agile. (Dex +2) [mutagenic meat]
  5101 | D:5      | Gained mutation: You are frail. (-10% HP) [mutagenic meat]
  5102 | D:5      | Gained mutation: Your body sometimes deteriorates upon taking damage. [mutagenic meat]
  5103 | D:5      | Lost mutation: You are frail. (-10% HP) [mutagenic meat]
  5104 | D:5      | Gained mutation: You evolve. [mutagenic meat]
  5508 | D:6      | Reached skill level 9 in Axes
  5682 | D:6      | Found a faded altar of an unknown god.
  5682 | D:6      | Found a faded altar of an unknown god.
  5697 | D:6      | Found a shimmering altar of Xom.
  5699 | D:6      | Found a faded altar of an unknown god.
  5700 | D:6      | Found a faded altar of an unknown god.
  5887 | D:6      | Gained mutation: Your spells are harder to cast, but more powerful. [mutagenic meat]
  5888 | D:6      | Gained mutation: You are robust. (+10% HP) [mutagenic meat]
  5889 | D:6      | Gained mutation: Your flesh is heat resistant. (rF+) [mutagenic meat]
  6007 | D:7      | Noticed Pikel
  6014 | D:7      | Killed Pikel
  6014 | D:7      | Reached skill level 10 in Axes
  6014 | D:7      | Reached XP level 9. HP: 85/85 MP: 9/9
  6546 | D:7      | Gained mutation: You have very sharp teeth. [evolution]
  6813 | D:3      | Paralysed by Grinder for 6 turns
  6827 | D:3      | Killed Grinder
  6912 | D:3      | Found a bloodstained altar of Trog.
  7373 | D:8      | Found Duushex's Antique Weapon Shop.
  7516 | D:8      | Reached ** piety under Qazlal
  7601 | D:8      | Reached skill level 11 in Axes
  7606 | D:8      | Gained mutation: Your system is resistant to poisons. (rPois) [mutagenic meat]
  7607 | D:8      | Lost mutation: You are robust. (+10% HP) [mutagenic meat]
  7608 | D:8      | Lost mutation: Your body sometimes deteriorates upon taking damage. [mutagenic meat]
  7610 | D:8      | Lost mutation: Your spells are harder to cast, but more powerful. [mutagenic meat]
  7636 | D:8      | Reached XP level 10. HP: 76/84 MP: 10/10
  7998 | D:8      | Found Gumeomod's Food Shoppe.
  8045 | D:8      | Reached skill level 12 in Axes
  8315 | D:9      | Noticed a four-headed hydra
  8527 | D:8      | Reached *** piety under Qazlal
  8820 | D:8      | Slain by a yak

Skill      XL: |  1  2  3  4  5  6  7  8  9 10 |
---------------+-------------------------------+-----
Axes           | 3 5 6 7 10 11 12 | 12.8
Fighting       | 4 5 6 7 |  7.5
Armour         | 4 5 6 7 |  7.8
Shields        | 4 5 7 8 9 |  9.7
Dodging        | 1 2 |  2.2

Action                   |  1- 3 |  4- 6 |  7- 9 | 10-12 || total
-------------------------+-------+-------+-------+-------++-------
Melee: War axe           |   111 |   162 |   446 |   180 ||   899
       Bite              |       |       |    15 |    19 ||    34
  Use: Potion            |       |     1 |     4 |     1 ||     6
       Scroll            |       |     1 |     7 |     2 ||    10
  Eat: Chunk             |     2 |     1 |    31 |     4 ||    38
       Bread ration      |       |     1 |       |       ||     1
Armor: Scale mail        |    47 |     7 |       |       ||    54
       Chain mail        |       |    77 |   189 |    64 ||   330
Dodge: Dodged            |    27 |    12 |    77 |    41 ||   157
Block: Shield            |    48 |    90 |   363 |   175 ||   676
       Reflection        |       |       |    20 |    10 ||    30
